 Dungeon Crawl Stone Soup version 0.21.1-1-g345015f (webtiles) character file.

666 spiff the Insei (level 7, 0/48 HPs)
             Began as an Octopode Transmuter on June 30, 2018.
             Was an Initiate of Cheibriados.
             Slain by a sky beast (6 damage)
             ... on level 5 of the Dungeon.
             The game lasted 00:10:59 (4642 turns).

spiff the Insei (Octopode Transmuter)               Turns: 4642, Time: 00:11:00

Health: 0/48       AC:  1    Str: 10    XL:     7   Next: 57%
Magic:  4/10       EV: 13    Int: 18    God:    Cheibriados [......]
Gold:   208        SH:  0    Dex: 14    Spells: 4/10 levels left

rFire    + . .     SeeInvis .     - Unarmed
rCold    x . .     Gourm    .   (no shield)
rNeg     . . .     Faith    .   (helmet restricted)
rPois    .         Spirit   .   (no amulet)
rElec    .         Reflect  .   p - ring of fire
rCorr    .         Harm     .   (no ring)
MR       .....                  (no ring)
Stlth    ++........             (no ring)
HPRegen  0.16/turn              (no ring)
MPRegen  0.12/turn              (no ring)
                                (no ring)
                                (no ring)

@: very slow
A: almost no armour, stealthy swim, amphibious, 8 rings, constrict 8, camouflage
1, gelatinous body 1
a: Bend Time, Renounce Religion


You were on level 5 of the Dungeon.
You worshipped Cheibriados.
Cheibriados was noncommittal.
You were very hungry.

You visited 2 branches of the dungeon, and saw 6 of its levels.

You collected 208 gold pieces.

Inventory:

Missiles
 a - 30 arrows
Armour
 g - a +0 buckler
Jewellery
 p - a ring of fire (left tentacle)
Scrolls
 d - 4 scrolls of amnesia
 f - 2 scrolls of identify
 l - a scroll of remove curse {unknown}
Potions
 e - 2 potions of curing
 i - a potion of lignification
 j - a potion of agility {unknown}
 k - a potion of might
 m - a potion of flight
 n - a potion of brilliance
 q - a potion of mutation {unknown}
 r - a potion of heal wounds {unknown}
Books
 b - a book of Changes

   Spells                             Type                      Level
   a - Beastly Appendage              Transmutation                1
   b - Sticks to Snakes               Transmutation                2
   c - Spider Form                    Transmutation/Poison         3
   d - Ice Form                       Ice/Transmutation            4
   e - Blade Hands                    Transmutation                5
 o - a book of Maledictions

   Spells                             Type                      Level
   a - Corona                         Hexes                        1
   b - Ensorcelled Hibernation        Hexes/Ice                    2
   c - Confuse                        Hexes                        3
   d - Tukima's Dance                 Hexes                        3
   e - Dazzling Spray                 Conjuration/Hexes            3
Comestibles
 c - 4 rations


   Skills:
 - Level 4.0 Fighting
 - Level 2.0 Dodging
 - Level 5.0 Unarmed Combat
 - Level 2.0 Spellcasting
 + Level 4.8 Transmutations
 - Level 3.7 Poison Magic


You had 4 spell levels left.
You knew the following spells:

 Your Spells              Type           Power        Failure   Level  Hunger
a - Beastly Appendage     Tmut           ###...       2%          1    #......
b - Sticks to Snakes      Tmut           ###.....     3%          2    ###....
c - Spider Form           Tmut/Pois      ###.......   10%         3    ###....


Dungeon Overview and Level Annotations

Branches:
Dungeon (5/15)             Temple (1/1) D:5

Altars:
Ashenzari
Cheibriados
Dithmenos
Gozag
Hepliaklqana
Okawaru
Sif Muna
Trog
The Shining One

Annotations:
D:2 Sigmund
D:4 bmj180's ghost, amateur HaFi


Innate Abilities, Weirdness & Mutations

You cannot wear most types of armour.
You are very stealthy in the water. (Stealth+)
You are amphibious.
You can wear up to eight rings at the same time.
You can use your tentacles to constrict eight enemies at once.
Your skin changes colour to match your surroundings (Stealth+).
Your rubbery body absorbs attacks. (AC +1, EV +1)


Message History

You swap places.
Your ball python misses something.
Something barely misses your ball python.
Your ball python closely misses something.
A sky beast appears from thin air!
Reactivating autopickup.
Your ball python closely misses the sky beast.
The sky beast misses your ball python.
Your ball python bites the sky beast but does no damage.
Your ball python barely misses the sky beast.
Your ball python barely misses the sky beast.
Your ball python bites the sky beast.
Your ball python closely misses the sky beast.
There is a stone staircase leading up here.
Your ball python misses the sky beast.
The sky beast barely misses you.
Your ball python barely misses the sky beast.
Your ball python closely misses the sky beast.
The sky beast hits you.
* * * LOW HITPOINT WARNING * * *
The sky beast shocks you.
You die...

......#....# #..........##.####
####.####### #..........##.##..
..##.#############....#..###.##.#
[.##.#..........##.......###.##.#
..##.#..........##...........##.#
.)##.#......(...##.....#..#####.#
...#.#..........##.....#..## #.#
...#.#...........#.....#...# #.#
...#.#..........@#.....##..# #.#
...#...........SY#.....##..####.#
...###.........S<#..............#
...###..........##.....#####'####
##....###..........#.#.#.#.....##
#...§# #.##########.#.#.#.#'#.##
#...S###.##### #........+.#>#.'.
#....##......# #.####.#.#.###.#.
#....##....÷.# #.##.....#.....##


You could see a sky beast and 2 friendly ball pythons.

Vanquished Creatures
  3 ogres
  Blork the orc (D:5)
  A crimson imp (D:5)
  A hound (D:5)
  An orc priest (D:5)
  Terence (D:3)
  A worker ant (D:3)
  A hound skeleton (D:4)
  3 adders
  An ooze (D:1)
  2 worms (D:2)
  2 leopard geckos
  3 orcs (D:5)
  7 bats
  2 giant cockroaches
  9 goblins
  5 hobgoblins
  5 jackals
  6 kobolds
  3 quokkas
  A frilled lizard (D:1)
  2 rats
61 creatures vanquished.

Vanquished Creatures (collateral kills)
  An ice beast (D:5)
  A crimson imp (D:5)
  An orc wizard (D:4)
  A hobgoblin (D:2)
4 creatures vanquished.

Grand Total: 65 creatures vanquished

Notes
Turn   | Place    | Note
-------+----------+-------------------------------------------
     0 | D:1      | spiff the Octopode Transmuter began the quest for the Orb.
     0 | D:1      | Reached XP level 1. HP: 13/13 MP: 3/3
   273 | D:1      | Reached XP level 2. HP: 2/18 MP: 3/5
  1072 | D:1      | Reached XP level 3. HP: 22/24 MP: 4/6
  1480 | D:2      | Learned a level 2 spell: Sticks to Snakes
  1484 | D:2      | Learned a level 3 spell: Spider Form
  1972 | D:2      | Noticed Sigmund
  2181 | D:3      | Reached skill level 1 in Poison Magic
  2206 | D:3      | Reached XP level 4. HP: 30/30 MP: 5/7
  2540 | D:3      | Noticed Terence
  2563 | D:3      | Killed Terence
  2901 | D:4      | Reached XP level 5. HP: 26/35 MP: 8/8
  3123 | D:4      | Noticed bmj180's ghost (amateur HaFi)
  3130 | D:4      | Noticed an ogre
  3154 | D:4      | Killed an ogre
  3154 | D:4      | Reached XP level 6. HP: 40/40 MP: 4/9
  3402 | D:5      | Entered Level 5 of the Dungeon
  3405 | D:5      | Noticed an ice beast
  3418 | D:5      | Killed an ice beast
  3515 | D:5      | Reached skill level 4 in Unarmed Combat
  3700 | D:5      | Found a staircase to the Ecumenical Temple.
  3704 | Temple   | Entered the Ecumenical Temple
  3776 | Temple   | Became a worshipper of Cheibriados the Contemplative
  3872 | D:5      | Reached XP level 7. HP: 46/46 MP: 6/10
  4181 | D:5      | Noticed Blork the orc
  4204 | D:5      | Killed Blork the orc
  4204 | D:5      | Reached skill level 5 in Unarmed Combat
  4642 | D:5      | Slain by a sky beast

Skill      XL: |  1  2  3  4  5  6  7 |
---------------+----------------------+-----
Fighting       | 2 3 4 |  4.0
Poison Magic   | 1 2 3 |  3.7
Transmutations | 3 4 |  4.8
Unarmed Combat | 4 5 |  5.0
Dodging        | |  2.0
Spellcasting   | |  2.0

Action                   |  1- 3 |  4- 6 |  7- 9 || total
-------------------------+-------+-------+-------++-------
Melee: Unarmed           |    84 |    61 |    33 ||   178
       Constrict         |    25 |     9 |     3 ||    37
       Punch             |     2 |       |       ||     2
       Tentacles         |    15 |     6 |     2 ||    23
       Kick              |    11 |    10 |       ||    21
 Cast: Beastly Appendage |    19 |     8 |     1 ||    28
       Sticks to Snakes  |     2 |     9 |     5 ||    16
       Spider Form       |       |     5 |     5 ||    10
  Use: Scroll            |       |     9 |       ||     9
 Stab: Sleeping          |     6 |     2 |     1 ||     9
       Distracted        |       |     1 |     1 ||     2
  Eat: Chunk             |     4 |     4 |     2 ||    10
       Ration            |       |     1 |       ||     1
Armor: Skin              |     8 |     1 |     1 ||    10
Dodge: Dodged            |    51 |    33 |    28 ||   112
